Map: Frozen Temple

Players

Luke

  • Race: Protoss Protoss
  • League: Master

StatiC - Winner!

  • Race: Protoss Protoss
  • League: Master

VOD

https://www.youtube.com/channel/UCcSgNfDNxvyisU-eCj9xyNg/playlists

Description

Time

  • Played on: Aug. 14, 2016, 2:49 p.m.
  • Length: 16:08
Show
View Real Time Build Order
Export as new Build Order

Luke Protoss 

Build Orders:  

Get SALT Encoding   

  12  0:01  Probe (Chrono Boost)  
  13  0:11  Probe (Chrono Boost)  
  14  0:17  Pylon  
  14  0:22  Probe (Chrono Boost)  
  15  0:35  Probe (Chrono Boost)  
  16  0:37  Gateway  
  16  0:46  Probe (Chrono Boost)  
  16  0:47  Assimilator  
  17  0:56  Probe (Chrono Boost)  
  18  0:57  Assimilator  
  18  1:03  Gateway  
  18  1:08  Probe (Chrono Boost)  
  20  1:18  Probe (Chrono Boost)  
  20  1:24  Cybernetics Core  
  20  1:29  Probe (Chrono Boost)  
  21  1:39  Probe (Chrono Boost)  
  22  1:49  Pylon  
  22  1:50  Probe (Chrono Boost)  
  23  2:07  Stalker x2  
  27  2:09  Mothership Core (Chrono Boost)  
  27  2:10  Warp Gate  
  27  2:15  Pylon  
  29  2:28  Probe (Chrono Boost)  
  30  2:38  Probe (Chrono Boost)  
  31  2:49  Probe (Chrono Boost)  
  31  2:59  Probe (Chrono Boost)  
  31  3:02  Nexus  
  32  3:05  Pylon  
  32  3:09  Stalker  
  32  3:10  Probe (Chrono Boost)  
  35  3:22  Probe (Chrono Boost)  
  35  3:25  Robotics Facility  
  36  3:36  Probe (Chrono Boost)  
  38  4:03  Probe (Chrono Boost)  
  38  4:05  Gateway  
  38  4:14  Stalker  
  38  4:15  Stalker  
  40  4:17  Immortal  
  40  4:19  Probe (Chrono Boost)  
  40  4:21  Probe (Chrono Boost)  
  46  4:31  Probe (Chrono Boost)  
  47  4:34  Twilight Council  
  47  4:38  Probe (Chrono Boost), Sentry  
  48  4:39  Sentry  
  48  4:43  Probe (Chrono Boost)  
  53  4:48  Probe (Chrono Boost), Assimilator  
  54  4:54  Observer  
  54  4:55  Probe (Chrono Boost)  
  54  4:59  Probe (Chrono Boost)  
  57  5:01  Blink  
  57  5:02  Pylon  
  57  5:06  Stalker  
  60  5:07  Probe (Chrono Boost)  
  60  5:08  Stalker  
  62  5:15  Pylon  
  62  5:20  Probe (Chrono Boost)  
  64  5:22  Probe (Chrono Boost)  
  64  5:31  Probe (Chrono Boost)  
  64  5:33  Pylon  
  64  5:34  Immortal, Probe (Chrono Boost)  
  70  5:38  Stalker  
  70  5:41  Probe (Chrono Boost)  
  73  5:44  Assimilator  
  73  5:51  Pylon  
  73  5:53  Forge  
  73  5:56  Probe (Chrono Boost)  
  75  5:57  Probe (Chrono Boost)  
  72  6:21  Stalker x3  
  72  6:24  Probe (Chrono Boost)  
  72  6:25  Probe (Chrono Boost)  
  79  6:33  Forge  
  79  6:43  Probe (Chrono Boost)  
  80  6:49  Immortal  
  80  6:51  Protoss Ground Weapons Level 1  
  80  6:52  Nexus  
  80  6:54  Probe (Chrono Boost), Pylon  
  85  6:58  Pylon  
  85  6:59  Protoss Ground Armor Level 1, Probe (Chrono Boost)  
  86  7:05  Probe (Chrono Boost)  
  87  7:11  Probe (Chrono Boost)  
  86  7:22  Stalker  
  86  7:23  Stalker x2  
  86  7:26  Probe (Chrono Boost)  
  86  7:29  Immortal  
  97  7:33  Resonating Glaives, Photon Cannon  
  97  7:41  Photon Cannon  
  97  7:42  Probe (Chrono Boost)  
  98  7:48  Adept  
  98  7:49  Adept  
  102  7:55  Pylon  
  101  8:07  Probe (Chrono Boost)  
  101  8:08  Probe (Chrono Boost)  
  102  8:13  Probe (Chrono Boost)  
  102  8:16  Pylon  
  102  8:18  Immortal  
  107  8:20  Robotics Bay  
  107  8:21  Adept  
  107  8:22  Adept  
  114  8:34  Probe (Chrono Boost), Photon Cannon  
  114  8:35  Probe x2 (Chrono Boost)  
  114  8:37  Assimilator  
  114  8:41  Assimilator  
  114  8:44  Protoss Ground Weapons Level 2  
  114  8:45  Probe (Chrono Boost)  
  114  8:47  Probe (Chrono Boost)  
  114  8:48  Probe (Chrono Boost)  
  115  8:55  Stalker  
  115  8:56  Stalker x2  
  120  9:06  Probe (Chrono Boost)  
  120  9:07  Probe x2 (Chrono Boost)  
  121  9:12  Disruptor  
  121  9:17  Probe x2 (Chrono Boost)  
  125  9:19  Adept x3  
  132  9:27  Robotics Facility, Gateway  
  132  9:29  Probe (Chrono Boost)  
  135  9:31  Probe (Chrono Boost)  
  135  9:33  Probe (Chrono Boost), Pylon  
  135  9:41  Probe (Chrono Boost)  
  135  9:42  Protoss Ground Armor Level 2  
  135  9:44  Disruptor  
  139  9:54  Probe (Chrono Boost)  
  139  9:55  Probe (Chrono Boost)  
  139  9:56  Probe (Chrono Boost)  
  139  9:59  Nexus, Adept x2  
  146  10:09  Gateway  
  146  10:10  Gateway  
  145  10:16  Disruptor  
  145  10:22  Probe (Chrono Boost)  
  145  10:23  Probe x2 (Chrono Boost)  
  147  10:33  Pylon  
  147  10:35  Pylon x2  
  149  10:37  Probe x2 (Chrono Boost)  
  149  10:48  Pylon  
  149  10:50  Disruptor  
  149  10:51  Probe (Chrono Boost)  
  149  10:53  Pylon  
  149  10:55  Pylon  
  153  11:05  Pylon  
  151  11:16  Adept x3, Disruptor  
  153  11:18  Adept  
  158  11:26  Disruptor  
  158  11:30  Gateway  
  161  11:33  Gateway x3  
  161  11:36  Photon Cannon  
  161  11:40  Assimilator  
  161  11:41  Assimilator  
  161  11:44  Photon Cannon  
  161  11:46  Protoss Ground Weapons Level 3  
  161  11:47  Templar Archives  
  161  11:50  Adept x3  
  136  12:26  Zealot x4  
  127  12:43  Adept x2  
  129  12:48  Adept x4  
  136  12:51  Protoss Ground Armor Level 3  
  136  13:04  High Templar x2  
  136  13:05  High Templar x2  
  142  13:09  Warp Prism  
  142  13:11  Disruptor  
  144  13:18  High Templar x2  
  144  13:19  High Templar x2  
  157  13:20  Nexus  
  157  13:25  Archon  
  157  13:26  Archon x3, Photon Cannon  
  157  13:33  Pylon  
  157  13:37  Pylon  
  157  13:39  High Templar x2  
  157  13:40  Adept x2  
  165  13:47  Archon  
  165  13:51  Adept x3  
  169  14:01  Adept  
  169  14:02  Adept x2  
  175  14:07  Disruptor  
  175  14:08  Disruptor  
  175  14:16  Photon Cannon  
  181  14:25  Adept x3  
  181  14:26  High Templar  
  189  14:35  High Templar  
  189  14:36  High Templar x2  
  195  14:40  Archon  
  195  14:45  Adept x2  
  197  14:46  Archon  
  142  15:12  Disruptor x2  
  110  15:24  Adept x3  
  110  15:25  Adept x5  
  113  15:45  Adept x5  
  113  15:46  Adept x2  
Show
View Real Time Build Order
Export as new Build Order

StatiC Protoss - Winner!

Build Orders:  

Get SALT Encoding   

  12  0:01  Probe (Chrono Boost)  
  13  0:11  Probe (Chrono Boost)  
  14  0:18  Pylon  
  14  0:22  Probe (Chrono Boost)  
  15  0:36  Probe (Chrono Boost)  
  15  0:39  Gateway  
  16  0:47  Probe (Chrono Boost)  
  16  0:48  Assimilator  
  17  0:57  Probe (Chrono Boost)  
  17  0:59  Assimilator  
  18  1:08  Probe (Chrono Boost)  
  18  1:10  Gateway  
  19  1:19  Probe (Chrono Boost)  
  20  1:26  Cybernetics Core  
  20  1:30  Probe (Chrono Boost)  
  21  1:36  Pylon  
  21  1:41  Probe (Chrono Boost)  
  22  1:52  Probe (Chrono Boost)  
  23  2:04  Stalker x2  
  23  2:05  Probe (Chrono Boost)  
  28  2:16  Mothership Core (Chrono Boost)  
  28  2:19  Pylon  
  28  2:22  Warp Gate  
  30  2:34  Probe (Chrono Boost)  
  31  2:40  Stalker x2  
  35  2:45  Probe (Chrono Boost)  
  36  2:51  Pylon  
  36  2:55  Probe (Chrono Boost)  
  37  3:09  Probe (Chrono Boost)  
  38  3:21  Nexus  
  38  3:25  Probe (Chrono Boost)  
  38  3:26  Sentry  
  41  3:38  Robotics Facility  
  41  3:44  Probe (Chrono Boost)  
  42  3:53  Pylon  
  42  3:55  Probe (Chrono Boost)  
  43  4:05  Probe (Chrono Boost)  
  43  4:06  Forge  
  44  4:16  Probe (Chrono Boost)  
  45  4:27  Probe (Chrono Boost), Adept, Sentry  
  45  4:29  Observer  
  51  4:36  Probe (Chrono Boost)  
  51  4:37  Probe (Chrono Boost)  
  53  4:39  Protoss Ground Weapons Level 1  
  53  4:46  Probe (Chrono Boost)  
  53  4:47  Gateway  
  53  4:48  Probe (Chrono Boost)  
  53  4:50  Pylon  
  53  4:51  Warp Prism  
  55  4:57  Probe (Chrono Boost)  
  59  5:00  Probe (Chrono Boost)  
  59  5:02  Adept  
  59  5:04  Adept  
  63  5:07  Probe (Chrono Boost)  
  63  5:11  Pylon  
  65  5:15  Probe (Chrono Boost)  
  65  5:23  Probe (Chrono Boost)  
  65  5:24  Pylon  
  65  5:27  Immortal  
  70  5:32  Probe (Chrono Boost)  
  70  5:35  Assimilator  
  71  5:36  Adept  
  71  5:37  Assimilator  
  73  5:44  Probe (Chrono Boost)  
  73  5:46  Twilight Council, Pylon  
  73  5:49  Probe (Chrono Boost)  
  75  5:58  Gateway  
  75  6:00  Probe (Chrono Boost), Gateway  
  75  6:01  Probe (Chrono Boost)  
  77  6:19  Immortal  
  77  6:21  Probe x2 (Chrono Boost)  
  83  6:31  Zealot x2  
  83  6:32  Protoss Ground Weapons Level 2  
  87  6:33  Charge  
  87  6:34  Probe (Chrono Boost)  
  88  6:43  Probe (Chrono Boost)  
  89  6:56  Nexus  
  89  6:57  Probe x2 (Chrono Boost), Pylon  
  89  7:00  Zealot x2  
  95  7:03  Observer  
  96  7:09  Zealot  
  96  7:10  Zealot x2  
  103  7:16  Probe (Chrono Boost)  
  103  7:28  Nexus  
  103  7:29  Pylon  
  103  7:35  Pylon  
  103  7:36  Templar Archives  
  103  7:48  Immortal, Probe (Chrono Boost)  
  103  7:49  Probe (Chrono Boost)  
  109  7:51  Pylon  
  107  8:05  Zealot x2  
  107  8:07  Probe (Chrono Boost)  
  107  8:09  Probe (Chrono Boost)  
  113  8:14  Pylon  
  113  8:16  Pylon  
  113  8:17  Pylon  
  113  8:18  High Templar x2  
  113  8:19  Pylon  
  117  8:20  Gateway x2  
  117  8:22  Pylon  
  117  8:25  Archon  
  117  8:29  Protoss Ground Weapons Level 3  
  117  8:32  Adept  
  117  8:33  Adept  
  122  8:35  Immortal, Probe (Chrono Boost)  
  126  8:46  Probe (Chrono Boost)  
  125  9:08  Probe (Chrono Boost)  
  120  9:10  High Templar x4  
  120  9:12  Zealot  
  120  9:14  Archon  
  120  9:15  Archon  
  130  9:17  Photon Cannon  
  130  9:19  Gateway  
  130  9:23  Immortal  
  134  9:25  Probe x2 (Chrono Boost)  
  134  9:26  Probe (Chrono Boost)  
  134  9:29  Assimilator  
  134  9:30  Assimilator  
  135  9:43  Zealot x5  
  135  9:44  Zealot  
  143  9:46  Nexus  
  143  9:47  Probe (Chrono Boost)  
  143  9:48  Probe (Chrono Boost), Pylon  
  145  9:59  Probe (Chrono Boost)  
  147  10:01  Probe (Chrono Boost), Pylon  
  147  10:20  High Templar x3  
  147  10:21  High Templar, Zealot x3  
  155  10:25  Immortal  
  155  10:26  Archon x2  
  155  10:28  Photon Cannon  
  161  10:32  Gateway  
  161  10:36  Gateway  
  161  10:42  Zealot x4  
  169  10:54  Zealot x2, Protoss Ground Armor Level 1, Pylon  
  169  10:55  Zealot x2  
  177  11:04  Immortal  
  177  11:06  Pylon  
  177  11:08  Pylon  
  177  11:10  Zealot x2  
  177  11:11  Zealot x2  
  181  11:29  High Templar x2  
  185  11:35  High Templar x3, Archon  
  185  11:36  High Templar  
  193  11:40  Zealot  
  193  11:41  Zealot x2  
  193  11:42  Archon x2  
  193  11:44  Photon Cannon  
  193  11:46  Observer  
  192  12:13  Zealot x6  
  192  12:14  Zealot  
  188  12:22  Immortal  
  188  12:25  Zealot  
  188  12:26  Zealot  
  148  12:46  High Templar  
  148  12:47  High Templar x3  
  144  12:52  Gateway x2  
  144  12:54  Archon  
  144  12:55  Protoss Ground Armor Level 2  
  144  12:57  Zealot  
  144  12:58  Zealot x3  
  146  12:59  Zealot, Archon  
  146  13:00  Zealot, Immortal  
  156  13:09  Assimilator  
  156  13:12  Assimilator  
  156  13:14  Gateway  
  156  13:15  Gateway  
  156  13:19  High Templar x3  
  162  13:20  High Templar, Zealot  
  162  13:21  Zealot x5  
  162  13:23  Archon  
  162  13:24  Archon  
  176  13:43  Zealot x4  
  176  13:44  Zealot  
  186  13:51  Immortal  
  186  13:56  Zealot x2  
  186  13:57  Zealot x5  
  198  14:13  Sentry  
  198  14:38  Zealot x2, Adept  
  196  14:52  Zealot  
  194  14:53  Zealot x3  
  194  14:58  Zealot  
  178  15:00  Zealot x6  
  178  15:05  Zealot  
  178  15:06  Zealot  
  174  15:08  Immortal  
  174  15:11  Zealot  
  170  15:19  High Templar x4  
  170  15:20  High Templar x2  
  170  15:21  High Templar x2  
  186  15:26  Zealot x3  
  186  15:27  Archon x3  
  192  15:35  Archon  
  170  15:56  Zealot x3  
  170  15:57  Zealot x6  
  168  15:58  Zealot x3  
Tags
 
Add a new tag
Caveats
  • Supply blocks, unpowered buildings, or Contaminate may cause inaccurate times.
  • Supply counts are checked every 10 seconds.